 Dungeon Crawl Stone Soup version 0.30-a0-936-ge0d47acfc0 (webtiles) character file.

Game seed: 10843856220117911431

266730 Querens the Fetichist (level 19, -7/99 HPs)
             Began as a Spriggan Enchanter on Mar 24, 2023.
             Was the Champion of Wu Jian.
             Mangled by an acid blob (31 damage)
             ... on level 1 of the Pits of Slime.
             The game lasted 03:00:26 (28370 turns).

Querens the Fetichist (Spriggan Enchanter)         Turns: 28370, Time: 03:00:26

Health: -7/99      AC:  8    Str:  2    XL:     19   Next: 33%
Magic:  38/39      EV: 26    Int: 19    God:    Wu Jian [******]
Gold:   1883       SH:  5    Dex: 21    Spells: 37/48 levels left

rFire   . . .      SeeInvis +    Z - +4 quick blade (elec)
rCold   + . .      Faith    .    (no shield)
rNeg    . . .      Spirit   .    M - +1 troll leather armour
rPois   .          Reflect  +    a - +0 hat {Stlth+}
rElec   .          Rampage  .    X - +1 cloak {rCorr}
rCorr   +          Clarity  +    (gloves unavailable)
Will    +++..                    (boots unavailable)
Stlth   ++++++++                 K - amulet of reflection
HPRegen 1.16/turn                P - ring of protection from cold
MPRegen 0.26/turn                h - +4 ring of protection

@: corroded, unable to read, very quick
A: very small, no large weapons, unfitting armour, see invisible, speed 3,
antennae 2, clarity, screaming 1, weak 1, inability to read after injury 1
}: 2/15 runes: barnacled, gossamer
a: Renounce Religion, Wall Jump, Serpent's Lash, Heavenly Storm


You were on level 1 of the Pits of Slime.
You worshipped Wu Jian.
Wu Jian was exalted by your worship.
You visited 6 branches of the dungeon, and saw 32 of its levels.
You also visited: Sewer and Ice Cave.

You collected 2937 gold pieces.
You spent 1054 gold pieces at shops.

Inventory:

Hand Weapons
 r - a +2 short sword of holy wrath
 Z - a +4 quick blade of electrocution (weapon)
Missiles
 b - 7 throwing nets (quivered)
Armour
 a - a +0 hat of stealth (worn)
 p - +0 acid dragon scales
 x - a scarf of invisibility
 M - a +1 troll leather armour (worn)
 O - a +1 robe of fire resistance
 V - a scarf of resistance
 X - a +1 cloak of preservation (worn)
Jewellery
 e - the ring "Kicupp" {Drain rPois rN+ Will+++ MP+9}
   (You found it on level 14 of the Dungeon)

   [ring of magical power]

   rPois:     It protects you from poison.
   rN:        It protects you from negative energy.
   MP:        It affects your magic capacity (+9).
   Drain:     It drains your maximum health when unequipped.
   Will:      It greatly increases your willpower.
 h - a +4 ring of protection (right hand)
 y - a ring of wizardry
 K - an amulet of reflection (around neck)
 P - a ring of protection from cold (left hand)
 U - a ring of protection from fire
Wands
 g - a wand of mindburst (12)
 l - a wand of paralysis (7)
 D - a wand of light (12)
 I - a wand of digging (7)
 S - a wand of iceblast (12)
Scrolls
 d - 10 scrolls of identify
 i - a scroll of enchant armour
 n - 13 scrolls of teleportation
 o - 2 scrolls of fear
 t - 5 scrolls of fog
 v - a scroll of silence
 C - 4 scrolls of immolation
 E - 3 scrolls of magic mapping
 L - 2 scrolls of blinking
 N - a scroll of butterflies
 Q - 3 scrolls of poison
 T - 3 scrolls of amnesia
 Y - 2 scrolls of brand weapon
Potions
 c - 5 potions of invisibility
 f - 6 potions of flight
 j - 16 potions of ambrosia
 k - 3 potions of curing
 m - 5 potions of heal wounds
 q - 3 potions of cancellation
 s - 5 potions of might
 u - 5 potions of magic
 z - 2 potions of berserk rage
 A - 5 potions of haste
 B - 3 potions of resistance
 G - 4 potions of mutation
 R - 6 potions of lignification
 W - 2 potions of brilliance
Miscellaneous
 w - a box of beasts
 F - a lightning rod (4/4)
 H - a phantom mirror
 J - a condenser vane


   Skills:
 + Level 10.4 Fighting
 + Level 18.5 Short Blades
 - Level 4.5 Armour
 + Level 15.8 Dodging
 + Level 17.1 Stealth
 - Level 15.0 Spellcasting
 - Level 15.0 Hexes
 - Level 18.7 Evocations


You had 37 spell levels left.
You knew the following spells:

 Your Spells              Type           Power      Damage    Failure   Level
a - Ensorcelled Hibernat  Hex/Ice        84%        N/A       1%          2
b - Confusing Touch       Hex            64%        N/A       1%          3
c - Dazzling Flash        Conj/Hex       84%        N/A       1%          3
d - Tukima's Dance        Hex            64%        N/A       1%          3

Your spell library contained the following spells:

 Spells                   Type           Power      Damage    Failure   Level
 Slow                     Hex            100%       N/A       1%          1
 Inner Flame              Hex/Fire       42%        N/A       1%          3
 Summon Guardian Golem    Hex/Summ       42%        N/A       1%          3
 Foxfire                  Conj/Fire      56%        2x1d6     9%          1
 Summon Small Mammal      Summ           56%        N/A       9%          1
 Yara's Violent Unravell  Hex/Tmut       21%        3d10      12%         5
 Blink                    Tloc           28%        N/A       14%         2
 Scorch                   Fire           28%        2d6       14%         2
 Static Discharge         Conj/Air       28%        2-4/arc   14%         2
 Call Canine Familiar     Summ           14%        N/A       26%         3
 Gell's Gravitas          Tloc           14%        N/A       26%         3
 Teleport Other           Tloc           14%        N/A       26%         3
 Vampiric Draining        Necr           14%        2d7       26%         3
 Vhi's Electric Charge    Tloc/Air       28%        N/A       26%         3
 Animate Dead             Necr           14%        N/A       65%         4
 Flame Wave               Conj/Fire      14%        2d6       65%         4
 Manifold Assault         Tloc           14%        N/A       65%         4
 Passage of Golubria      Tloc           14%        N/A       65%         4
 Sticky Flame             Conj/Fire      14%        2d4       65%         4
 Discord                  Hex            32%        N/A       77%         8
 Arcjolt                  Conj/Air       7%         1d17      94%         5
 Blade Hands              Tmut           7%         N/A       94%         5
 Borgnjor's Vile Clutch   Necr/Erth      7%         N/A       94%         5
 Fireball                 Conj/Fire      7%         3d5       94%         5
 Freezing Cloud           Conj/Ice/Air   7%         6-21      94%         5
 Irradiate                Conj/Tmut      7%         3d14      94%         5
 Iskenderun's Battlesphe  Conj           14%        2d7       94%         5
 Plasma Beam              Fire/Air       7%         2x1d19    94%         5
 Conjure Ball Lightning   Conj/Air       7%         3x3d6     100%        6
 Death Channel            Necr           7%         N/A       100%        6
 Dispersal                Tloc           7%         N/A       100%        6
 Iron Shot                Conj/Erth      7%         9d2       100%        6
 Simulacrum               Ice/Necr       7%         N/A       100%        6
 Starburst                Conj/Fire      7%         6d4       100%        6
 Summon Cactus Giant      Summ           7%         N/A       100%        6
 Dragon Form              Tmut           7%         N/A       100%        7
 Spellforged Servitor     Conj/Summ      7%         N/A       100%        7
 Storm Form               Tmut/Air       7%         N/A       100%        7
 Disjunction              Tloc           7%         N/A       100%        8
 Polar Vortex             Ice            7%         N/A       100%        9


Dungeon Overview and Level Annotations

Branches:
Dungeon (15/15)            Temple (0/1) D:7            Lair (5/5) D:9
 Shoals (4/4) Lair:2       Spider (4/4) Lair:3        Slime (2/5) Lair:4
    Orc (2/2) D:11            Elf (0/3) Orc:2        Vaults (0/5) D:14
 Depths (0/4) D:15          Sewer (visited)           IceCv (visited)

Altars:
Fedhas
Gozag
Hepliaklqana
Kikubaaqudgha
Makhleb
Okawaru
Ru
Sif Muna
Trog
Vehumet
Wu Jian
Xom
Yredelemnul

Shops:
D:5 *   D:7 :   Orc:2 ?*(![

Annotations:
D:4 2 transporters, Renatus's ghost, amateur HORe
D:6 1 runed translucent door, TimeIsEndless's ghost, novice OpCj
D:13 3 runed translucent doors, Qazize's ghost, journeyman OpAE; scienide's ghost, journeyman HOFi
Shoals:2 2 transporters, Ifoem's ghost, journeyman OpAr
Spider:4 Arachne


Innate Abilities, Weirdness & Mutations

You are very small and have problems with some larger weapons.
You are too small for most types of armour.
You have supernaturally acute eyesight. (SInv)
You cover ground extremely quickly. (Speed+++)
You have a pair of antennae on your head.
You possess an exceptional clarity of mind.
You occasionally shout uncontrollably at your foes.
You are weak. (Str -2)
You occasionally lose the ability to read scrolls when taking damage.


Message History

You occasionally lose the ability to read scrolls when taking damage.
The slime creature hits you!
Unknown command.
Unknown command.
Casting: Ensorcelled Hibernation (safe; 1% risk of failure)
Confirm with . or Enter, or press ? or * to list all spells.
Your hands begin to glow red.
The acid blob hits you!!
You are splashed with acid.
You resist.
The slime creature hits you but does no damage.
Unknown command.
You spin and attack the shining eye repeatedly.
You completely miss the shining eye.
The shining eye is lightly wounded.
You hit the shining eye but do no damage.
You punch the shining eye, but do no damage.
The shining eye is lightly wounded.
You hit the shining eye but do no damage.
You punch the shining eye, but do no damage.
The shining eye is lightly wounded.
You spin and attack the slime creature repeatedly.
You hit the slime creature but do no damage.
The slime creature is lightly wounded.
You hit the slime creature but do no damage.
The slime creature appears confused.
The slime creature is lightly wounded.
The slime creature hits the shining eye.
The acid blob spits acid at you. The splash of acid misses you.
The acid blob spits acid at you. The splash of acid hits you. You resist.
The acid corrodes you!
The slime creature hits the acid blob!
The slime creature is burned by acid!
The slime creature barely misses itself.
There is a staircase back to the Lair, spattered with blood here.
The acid blob hits you!!
* * * LOW HITPOINT WARNING * * *
You are splashed with acid.
You resist.
* * * LOW HITPOINT WARNING * * *
The acid blob hits you!!
You feel threatened and lose the ability to read scrolls!
You die...

########## ##.....#..##
##...#..........## ###
##.#..##.....@....###.## #####
#.........#...JG...#...###.#.#
#.....#.......#...............
##.#.###........J............#
#.....##.#...................#
#...................#..#...##
#..................#.###...#
#.............>........##.##
#..#.#.#.#..............###


You could see an acid blob, a slime creature (confused) and a shining eye.

Vanquished Creatures
  An azure jelly (Slime:1)
  4 emperor scorpions
  An orc warlord (Orc:1)
  2 ghost moths
  A reaper (IceCv)
  A broodmother (Spider:3)
  Azrael (D:12)
  3 spark wasps
  Josephine (Shoals:1)
  7 merfolk javelineers
  2 fire dragons
  12 merfolk impalers
  5 entropy weavers
  A great orb of eyes (D:14)
  A vault guard (D:14)
  4 hydras
  2 jorogumos
  2 ice dragons
  5 merfolk avatars
  A catoblepas (Lair:5)
  5 radroaches
  5 merfolk aquamancers
  6 centaur warriors
  12 boulder beetles
  4 alligator snapping turtles
  A two-headed ogre (D:13)
  3 satyrs
  8 orc high priests
  5 death yaks
  2 tengu warriors (D:14)
  3 death scarabs (D:14)
  Urug (Lair:5)
  Sonja (Lair:5)
  14 pharaoh ants
  6 skysharks
  10 sea snakes
  2 sun moths
  A swamp dragon (Lair:5)
  14 orb spiders
  5 steelbarb worms
  A lindwurm (Lair:5)
  17 harpies
  A deep elf pyromancer (D:14)
  3 spectral wolf spiders (D:14)
  A wizard (D:14)
  23 wolf spiders
  13 manticores
  21 fauns
  A shining eye (Slime:2)
  10 cyclopes
  2 orc sorcerers (Orc:2)
  4 moths of wrath
  A salamander (shapeshifter) (D:13)
  2 black mambas
  4 demonic crawlers (Spider:4)
  9 torpor snails
  10 merfolk sirens
  2 ice statues (IceCv)
  20 elephants
  6 water nymphs
  2 gargoyles
  13 cane toads
  8 komodo dragons
  A freezing wraith (IceCv)
  2 kobold demonologists
  An anaconda simulacrum (IceCv)
  3 efreet
  A rime drake (Lair:5)
  9 trolls
  8 wind drakes
  6 ice devils (IceCv)
  37 merfolk
  A queen bee (D:13)
  4 meliai
  27 tarantellas
  4 tyrant leeches (Lair:5)
  4 polar bears
  30 blink frogs
  7 hornets (Lair:5)
  22 dream sheep
  18 culicivoras
  A dancing weapon (Lair:5)
  33 jumping spiders
  A centaur simulacrum (D:15)
  9 snapping turtles
  A spriggan (shapeshifter) (D:14)
  A shadow (D:12)
  42 yaks
  20 slime creatures
  6 wraiths
  2 humans (D:9)
  7 water elementals
  4 wyverns
  A fire elemental (D:12)
  6 basilisks
  3 steam dragons
  2 vampire mosquitoes (D:14)
  A death yak simulacrum (IceCv)
  53 redbacks
  12 wargs
  4 acid dragons
  13 water moccasins
  2 hydra simulacra (IceCv)
  3 hell hounds
  A swamp drake (Lair:5)
  5 ice beasts
  11 orc warriors
  3 sky beasts
  3 black bears
  6 centaurs
  19 wolves
  6 ogres
  3 phantoms (D:5)
  5 kobold brigands
  12 bullfrogs
  A gnoll sergeant (D:12)
  2 cane toad simulacra (IceCv)
  5 scorpions
  A two-headed ogre simulacrum (IceCv)
  5 wights
  33 killer bees
  4 howler monkeys
  5 hounds
  37 orc priests
  7 jellies
  A sleepcap (D:4)
  4 iguanas
  17 orc wizards
  A sickly merfolk siren (Sewer)
  2 spriggan simulacra (IceCv)
  3 troll simulacra (IceCv)
  A malarious merfolk avatar (Sewer)
  A wolf simulacrum (IceCv)
  5 gnolls
  16 adders
  2 naga simulacra (IceCv)
  5 river rats
  2 shadow imps (D:7)
  16 white imps
  4 ufetubi
  6 worms
  3 dart slugs
  86 orcs
  4 ball pythons
  3 endoplasms
  3 giant cockroaches
  8 goblins
  3 hobgoblins
  5 jackals
  28 kobolds
  9 quokkas
  7 bats
  7 frilled lizards
  28 rats
1205 creatures vanquished.

Vanquished Creatures (collateral kills)
  5 wights
  An orc (D:6)
6 creatures vanquished.

Vanquished Creatures (others)
  A tarantella (Spider:2)
  3 dancing weapons
  42 fungi
  112 plants
158 creatures vanquished.

Grand Total: 1369 creatures vanquished

Notes
Turn   | Place    | Note
-------+----------+-------------------------------------------
     0 | D:1      | Querens the Spriggan Enchanter began the quest for the Orb.
     0 | D:1      | Reached XP level 1. HP: 9/9 MP: 5/5
   345 | D:1      | Found a faded altar of an unknown god.
   345 | D:1      | Noticed a cacodemon
   357 | D:1      | Reached XP level 2. HP: 7/13 MP: 7/7
   663 | D:2      | Reached XP level 3. HP: 15/16 MP: 8/8
   666 | D:2      | Learned a level 2 spell: Ensorcelled Hibernation
   670 | D:2      | Learned a level 3 spell: Confusing Touch
   674 | D:2      | Learned a level 3 spell: Dazzling Flash
   730 | D:2      | Reached XP level 4. HP: 21/21 MP: 0/10
  1225 | D:2      | Reached XP level 5. HP: 24/24 MP: 12/12
  1293 | D:2      | Learned a level 3 spell: Tukima's Dance
  1324 | D:2      | Reached skill level 5 in Hexes
  1561 | D:3      | Found a basalt altar of Yredelemnul.
  2025 | D:3      | Found a bloodstained altar of Trog.
  2189 | D:4      | Reached skill level 5 in Spellcasting
  2189 | D:4      | Reached XP level 6. HP: 28/28 MP: 14/14
  2403 | D:4      | Found a glowing drain.
  2407 | Sewer    | Entered a sewer
  2738 | Sewer    | Reached XP level 7. HP: 32/32 MP: 16/16
  2895 | D:4      | Found a transporter.
  2897 | D:4      | Noticed Renatus's ghost (amateur HORe)
  2936 | D:4      | Found a transporter.
  3040 | D:4      | Found an ornate altar of the Wu Jian Council.
  3045 | D:4      | Became a worshipper of the Wu Jian Council
  3142 | D:4      | Reached skill level 5 in Short Blades
  3218 | D:5      | Entered Level 5 of the Dungeon
  3222 | D:5      | Found Umnoigg's Assorted Antiques.
  3382 | D:5      | Bought an orange potion for 18 gold pieces
  3382 | D:5      | Bought a scroll labelled JAEH INKUCSODI for 20 gold pieces
  3382 | D:5      | Bought a scroll labelled FOFIAKHL ASAMP for 20 gold pieces
  3382 | D:5      | Bought a scroll labelled FOFIAKHL ASAMP for 20 gold pieces
  3497 | D:5      | Reached * piety under Wu Jian
  3641 | D:5      | Reached XP level 8. HP: 36/36 MP: 14/19
  4128 | D:6      | Found an opulent altar of Gozag.
  4137 | D:6      | Found an ancient bone altar of Kikubaaqudgha.
  4137 | D:6      | Found a sacrificial altar of Ru.
  4150 | D:6      | Found a hazy altar of Hepliaklqana.
  4296 | D:6      | Found a blossoming altar of Fedhas.
  4340 | D:6      | Reached XP level 9. HP: 39/39 MP: 0/22
  4432 | D:6      | Found a runed translucent door.
  4432 | D:6      | Found a shimmering altar of Xom.
  4432 | D:6      | Noticed a +0 rapier of chaos
  4432 | D:6      | Noticed TimeIsEndless's ghost (novice OpCj)
  4557 | D:6      | Reached ** piety under Wu Jian
  4861 | D:7      | Found a staircase to the Ecumenical Temple.
  4991 | D:7      | Reached skill level 10 in Hexes
  5034 | D:7      | Found a radiant altar of Vehumet.
  5100 | D:7      | Found Biril's Book Shoppe.
  5250 | D:7      | Reached skill level 10 in Spellcasting
  5577 | D:7      | Identified the +0 robe of the Fife {Str+2}
  6113 | D:8      | Reached *** piety under Wu Jian
  6114 | D:8      | Reached XP level 10. HP: 34/44 MP: 1/25
  6731 | D:9      | Found a shimmering blue altar of Sif Muna.
  6885 | D:9      | Found a staircase to the Lair.
  6952 | D:9      | Found an iron altar of Okawaru.
  7097 | D:9      | Reached skill level 10 in Short Blades
  7143 | D:10     | Entered Level 10 of the Dungeon
  7181 | D:10     | Noticed a gargoyle
  7478 | D:10     | Reached **** piety under Wu Jian
  7702 | D:10     | Killed a gargoyle
  7864 | D:11     | Noticed a gargoyle
  7881 | D:11     | Killed a gargoyle
  7922 | D:11     | Reached XP level 11. HP: 18/47 MP: 16/28
  8284 | D:11     | Found a staircase to the Orcish Mines.
  8320 | D:11     | Noticed a boulder beetle
  8439 | D:11     | Killed a boulder beetle
  8528 | Orc:1    | Entered Level 1 of the Orcish Mines
  8809 | Orc:2    | Entered Level 2 of the Orcish Mines
  8809 | Orc:2    | Found a staircase to the Elven Halls.
  8809 | Orc:2    | Found Jammiyf's Antique Armour Emporium.
  8821 | Orc:2    | Noticed an orc sorcerer
  8832 | Orc:2    | Killed an orc sorcerer
  8876 | Orc:2    | Noticed an orc warlord
  8876 | Orc:2    | Noticed an orc sorcerer
  9104 | Orc:1    | Killed an orc warlord
  9162 | Orc:2    | Killed an orc sorcerer
  9361 | Orc:2    | Reached ***** piety under Wu Jian
  9397 | Orc:2    | Noticed an orc high priest
  9397 | Orc:2    | Noticed an orc high priest
  9397 | Orc:2    | Noticed an orc high priest
  9418 | Orc:2    | Killed an orc high priest
  9436 | Orc:2    | Killed an orc high priest
  9454 | Orc:2    | Noticed a soul eater
  9550 | Orc:2    | Noticed a sixfirhy
  9605 | Orc:2    | Killed an orc high priest
  9606 | Orc:2    | Reached XP level 12. HP: 51/51 MP: 19/30
  9623 | Orc:2    | Found Tepuk's Distillery.
  9623 | Orc:2    | Found Huecrin's Antique Weapon Shoppe.
  9628 | Orc:2    | Bought 2 potions of degeneration for 26 gold pieces
  9628 | Orc:2    | Bought 2 potions of invisibility for 208 gold pieces
  9683 | Orc:2    | Noticed an orc high priest
  9741 | Orc:1    | Killed an orc high priest
  9855 | Orc:2    | Found a burning altar of Makhleb.
  9914 | Orc:2    | Noticed an orc high priest
 10015 | Orc:1    | Killed an orc high priest
 10037 | Orc:1    | Noticed an ettin
 10156 | Orc:2    | Noticed an orc high priest
 10234 | Orc:2    | Noticed an orc high priest
 10248 | Orc:2    | Killed an orc high priest
 10248 | Orc:2    | Noticed an orc high priest
 10305 | Orc:2    | Killed an orc high priest
 10321 | Orc:2    | Killed an orc high priest
 10402 | Orc:2    | Found Bor Lops's Magic Scroll Shoppe.
 10402 | Orc:2    | Found Rozxor's General Store.
 10417 | Orc:2    | Bought a scroll of vulnerability for 64 gold pieces
 10417 | Orc:2    | Bought a scroll of poison for 64 gold pieces
 10417 | Orc:2    | Bought a scroll of blinking for 120 gold pieces
 10482 | Orc:2    | Bought a potion of resistance for 130 gold pieces
 10482 | Orc:2    | Bought a potion of haste for 130 gold pieces
 10482 | Orc:2    | Bought a potion of might for 52 gold pieces
 10482 | Orc:2    | Bought a potion of magic for 104 gold pieces
 10482 | Orc:2    | Bought 2 potions of lignification for 78 gold pieces
 10735 | Lair:1   | Entered Level 1 of the Lair of Beasts
 10970 | Lair:1   | Reached skill level 15 in Hexes
 11030 | Lair:1   | Reached skill level 1 in Fighting
 11070 | Lair:1   | Reached skill level 15 in Spellcasting
 11483 | Lair:2   | Identified the +8 falchion of Aleahuf {pain, Drain rPois
                  | Will+}
 11802 | Lair:2   | Found a staircase to the Shoals.
 11809 | Lair:2   | Reached skill level 1 in Armour
 11811 | Lair:2   | Reached XP level 13. HP: 48/59 MP: 18/33
 11816 | Lair:2   | Reached skill level 5 in Dodging
 12735 | Lair:3   | Found a hole to the Spider Nest.
 13007 | Lair:4   | Found a staircase to the Slime Pits.
 13226 | Lair:4   | Reached skill level 5 in Stealth
 13398 | Lair:5   | Entered Level 5 of the Lair of Beasts
 13519 | Lair:4   | Reached skill level 5 in Fighting
 13607 | Lair:4   | Reached ****** piety under Wu Jian
 13704 | Lair:5   | Noticed Sonja
 13709 | Lair:4   | Reached XP level 14. HP: 68/68 MP: 8/34
 13732 | Lair:4   | Reached skill level 15 in Short Blades
 13942 | Lair:5   | Found a runed translucent door.
 14788 | Lair:5   | Reached skill level 10 in Dodging
 14964 | Lair:5   | Noticed Urug
 14981 | Lair:5   | Killed Urug
 15144 | Lair:5   | Killed Sonja
 15449 | Lair:5   | Reached skill level 10 in Stealth
 15669 | Spider:1 | Entered Level 1 of the Spider Nest
 15891 | Spider:1 | Reached XP level 15. HP: 75/75 MP: 35/35
 16403 | Spider:2 | Identified a scroll of acquirement
 16404 | Spider:2 | Acquired a +2 quick blade of venom
 17061 | Spider:2 | HP: 3/77 [jumping spider (2)]
 17077 | Spider:2 | HP: 3/77 [jumping spider (10)]
 18364 | Spider:3 | Noticed an emperor scorpion
 18380 | Spider:3 | Killed an emperor scorpion
 18381 | Spider:3 | Reached XP level 16. HP: 69/82 MP: 27/36
 18482 | Spider:3 | Identified the +0 great sword "Iffelyah" {venom, rElec rC-
                  | rN+ rCorr Stlth+}
 18694 | Spider:4 | Entered Level 4 of the Spider Nest
 19009 | Spider:4 | Noticed Arachne
 19386 | Spider:4 | Reached skill level 15 in Stealth
 19769 | Spider:4 | Got a gossamer rune of Zot
 19786 | Spider:4 | Identified the +2 pair of boots of Polytheism {rCorr
                  | Slay+5}
 20030 | Spider:3 | Reached skill level 1 in Evocations
 20031 | Spider:3 | Reached XP level 17. HP: 88/88 MP: 34/37
 20161 | Shoals:1 | Entered Level 1 of the Shoals
 20179 | Shoals:1 | Noticed Josephine
 20201 | Shoals:1 | Killed Josephine
 20783 | Shoals:2 | Reached skill level 10 in Evocations
 21378 | Shoals:2 | Found a transporter.
 21380 | Shoals:2 | Found a transporter.
 21386 | Shoals:2 | Found a bloodstained altar of Trog.
 21392 | Shoals:2 | Noticed Ifoem's ghost (journeyman OpAr)
 21613 | Shoals:3 | Reached XP level 18. HP: 87/87 MP: 38/38
 21710 | Shoals:4 | Entered Level 4 of the Shoals
 22224 | Shoals:3 | Reached skill level 15 in Evocations
 23629 | Shoals:4 | Identified the +10 flail of the Hall of Blades {vamp, rPois
                  | rC+ MP-9 Str+3}
 23738 | Shoals:4 | Got a barnacled rune of Zot
 24040 | D:12     | Noticed Azrael
 24184 | D:12     | Killed Azrael
 24672 | D:13     | Found a frozen archway.
 24833 | D:13     | Found a runed translucent gate.
 24834 | D:13     | Found a runed translucent gate.
 24834 | D:13     | Found a runed translucent gate.
 24834 | D:13     | Found an ancient bone altar of Kikubaaqudgha.
 24835 | D:13     | Noticed a lich
 24835 | D:13     | Noticed scienide's ghost (journeyman HOFi)
 24835 | D:13     | Noticed Qazize's ghost (journeyman OpAE)
 24837 | D:13     | Noticed a lich
 24837 | D:13     | Noticed a lich
 25107 | IceCv    | Entered an ice cave
 25568 | IceCv    | Reached skill level 15 in Dodging
 26085 | D:13     | Reached XP level 19. HP: 47/96 MP: 9/39
 26297 | D:14     | Found a runed translucent door.
 26297 | D:14     | Found the +10 morningstar "Eos" {elec, Halo rElec}
 26364 | D:14     | Found a runed translucent gate.
 26365 | D:14     | Found a runed translucent gate.
 26366 | D:14     | Found a runed translucent gate.
 26366 | D:14     | Found a runed translucent gate.
 26366 | D:14     | Found a runed translucent gate.
 26367 | D:14     | Found a runed translucent gate.
 26390 | D:14     | Reached skill level 10 in Fighting
 26427 | D:14     | Gained mutation: Your body sometimes deteriorates upon
                  | taking damage. [mutagenic glow]
 26448 | D:14     | Gained mutation: You occasionally lose the ability to read
                  | scrolls when taking damage. [mutagenic glow]
 26457 | D:14     | Lost mutation: You occasionally lose the ability to read
                  | scrolls when taking damage. [potion of mutation]
 26457 | D:14     | Lost mutation: Your body sometimes deteriorates upon taking
                  | damage. [potion of mutation]
 26457 | D:14     | Gained mutation: You have a pair of small antennae on your
                  | head. [potion of mutation]
 26457 | D:14     | Gained mutation: You have a pair of antennae on your head.
                  | [potion of mutation]
 26457 | D:14     | Gained mutation: You possess an exceptional clarity of
                  | mind. [potion of mutation]
 26464 | D:14     | Gained mutation: You occasionally shout uncontrollably at
                  | your foes. [mutagenic glow]
 26482 | D:14     | Gained mutation: You are weak. (Str -2) [mutagenic glow]
 26769 | D:14     | Found a gate to the Vaults.
 26769 | D:14     | Identified the +5 pair of boots "Roda" {rF+ rC- Will+}
 26895 | D:14     | Found an opulent altar of Gozag.
 27376 | D:14     | Identified the ring "Kicupp" {Drain rPois rN+ Will+++ MP+9}
 27425 | D:15     | Entered Level 15 of the Dungeon
 27497 | D:15     | Found a staircase to the Depths.
 28085 | Slime:1  | Entered Level 1 of the Pits of Slime
 28357 | Slime:1  | Gained mutation: You occasionally lose the ability to read
                  | scrolls when taking damage. [a shining eye]
 28370 | Slime:1  | Mangled by an acid blob

Illustrated notes

Levels and vault maps discovered:
D:1:      evilmike_arrival_grusome_pit, layout_basic,
          dreamdust_ecumenical_altar_sealed_demon
D:2:      layout_loops_ring, kennysheep_generic_room_5
D:3:      wander_river, layout_basic, marbit_many_paths,
          nicolae_overflow_crystal_walls
D:4:      layout_loops_ring, mainiacjoe_overflow_24_doors,
          lightli_sewer_entry_pipes, gammafunk_ghost_stat_death, minmay_cupped
D:5:      layout_basic, serial_shops, nicolae_inconvenience_store, minivault_24
D:6:      layout_loops_ring, mainiacjoe_overflow_brackets,
          gammafunk_temple_overflow_forgotten, nicolae_hepliaklqana_hazy_memory,
          ebering_ghost_xom
D:7:      layout_layer_cave, overflow_temple_1_default,
          minmay_temple_entry_ruins, serial_shops, nicolae_shop_waterfront,
          grunt_decor_mini_mirrors
D:8:      layout_basic, chequers_serial_rivers_marsh, nicolae_underground_beach
D:9:      layout_roguey, nicolae_sif_muna_little_library, okawaru_humans,
          erik_lair_orcish_takeover, kennysheep_small_spiral
D:10:     layout_basic
D:11:     layout_roguey, orc_0_dummy
D:12:     layout_irregular_city, uniq_azrael
D:13:     layout_layer_cave, gammafunk_ghost_crypt, special_room
          [special_room_bee], portal_ice_cave_entry_imps
D:14:     gammafunk_indiana_jones, layout_basic, david_vaults_5,
          grunt_gozag_breadcrumbs
D:15:     grunt_enter_depths_hoard, layout_long_grid
Lair:1:   layout_big_grid
Lair:2:   layout_layer_cave, elwin_shoals_entry_stream, st_stairs_12
Lair:3:   layout_regular_city, spider_nest_entry_a, serial_bayou_pond_a,
          serial_bayou_pond_d
Lair:4:   layout_concentric_octagons, nicolae_slime_entry_field_trip
Lair:5:   wormcave, layout_misc_corridors, guppyfry_lair_end_dragon,
          wad_woods_road_02, uniq_sonja, uniq_urug
Shoals:1: layout_shoals, uniq_josephine
Shoals:2: layout_shoals, gammafunk_ghost_wrathful_warriors,
          nicolae_shoals_cliffside_cave
Shoals:3: layout_shoals, nicolae_shoals_mertower
Shoals:4: shoals_end_simple, layout_shoals
Spider:1: layout_spider_delve, nicolae_spider_nooks_and_crannies
Spider:2: layout_spider_delve
Spider:3: layout_chambers
Spider:4: hellmonk_spider_rune_bug_friends, drop_trap, uniq_arachne
Slime:1:  layout_caves
Slime:2:  layout_caves
Orc:1:    layout_caves, mines5_lemuel
Orc:2:    st_orc_town, layout_caves, basic_altar, serial_shops, shop

Skill      XL: |  1  2  3  4  5  6  7  8  9 10 11 12 13 14 15 16 17 18 19 |
---------------+----------------------------------------------------------+-----
Spellcasting   | 3 4 5 6 8 10 12 13 15 | 15.0
Hexes          | 4 5 6 7 9 10 12 13 15 | 15.0
Short Blades   | 2 3 4 5 7 9 10 12 13 14 16 17 18 | 18.5
Dodging        | 4 8 11 13 14 15 | 15.8
Fighting       | 2 5 7 8 9 10 | 10.4
Armour         | 1 4 |  4.5
Stealth        | 6 10 13 15 16 17 | 17.1
Evocations     | 6 12 18 | 18.7

Action                     |  1- 3 |  4- 6 |  7- 9 | 10-12 | 13-15 | 16-18 | 19-21 || total
---------------------------+-------+-------+-------+-------+-------+-------+-------++-------
  Melee: Dagger            |    48 |   351 |   447 |   812 |   890 |       |       ||  2548
         Punch             |       |     3 |     8 |    13 |    23 |    28 |     8 ||    83
         Quick blade       |       |       |       |       |   464 |  1291 |   262 ||  2017
   Cast: Ensorcelled Hiber |     5 |    33 |    62 |   243 |   328 |   297 |    53 ||  1021
         Confusing Touch   |       |     2 |    13 |    22 |    75 |    57 |    11 ||   180
         Tukima's Dance    |       |       |    13 |     6 |     1 |     7 |     1 ||    28
         Dazzling Flash    |       |       |       |       |     6 |    18 |       ||    24
 Invoke: Heavenly Storm    |       |       |       |     1 |       |       |       ||     1
Ability: Lunge             |       |       |    36 |    63 |    90 |   128 |    28 ||   345
         Whirlwind         |       |       |     4 |   104 |   104 |    37 |     9 ||   258
         Evoke Invisibilit |       |       |       |       |       |     3 |     2 ||     5
  Evoke: Wand              |       |       |       |       |     1 |    16 |       ||    17
         Condenser vane    |       |       |       |       |       |       |     1 ||     1
    Use: Potion            |       |     1 |       |       |     7 |     8 |     1 ||    17
         Scroll            |       |       |    11 |     4 |    15 |     2 |     2 ||    34
   Stab: Sleeping          |     6 |    46 |    45 |   129 |   227 |   220 |    51 ||   724
         Distracted        |     1 |     1 |       |     1 |     5 |     4 |     2 ||    14
         Invisible         |       |     4 |       |       |     9 |    43 |     5 ||    61
         Confused          |       |       |    13 |    26 |    91 |    47 |     7 ||   184
         Held in net/web   |       |       |       |       |     1 |       |       ||     1
 Armour: Robe              |     6 |    33 |    51 |    21 |       |       |       ||   111
         Troll leather arm |       |       |       |    97 |   182 |    55 |    12 ||   346
  Dodge: Dodged            |    24 |   197 |   243 |   371 |   803 |   618 |    95 ||  2351
  Block: Other             |       |       |       |       |       |    17 |    29 ||    46

Table legend: (Time is in decaauts)
 A = Elapsed time spent in this place.
 B = Non-inter-level travel time spent in this place.
 C = Inter-level travel time spent in this place.
 D = Time resting spent in this place.
 E = Time spent auto-exploring this place.
 F = Levels seen in this place.
 G = Mean time per level.
                   A        B        C        D        E       F      G
               +--------+--------+--------+--------+--------+-----+--------+
         Total |  18602 |  16976 |   1626 |    414 |      0 |  34 |  547.1 |
       Dungeon |   7554 |   6790 |    764 |     51 |      0 |  15 |  503.6 |
          Lair |   3483 |   3096 |    387 |     20 |      0 |   5 |  696.6 |
        Shoals |   2482 |   2290 |    192 |     29 |      0 |   4 |  620.5 |
   Spider Nest |   2852 |   2667 |    185 |    162 |      0 |   4 |  713.0 |
    Slime Pits |    151 |    147 |      4 |     12 |      0 |   2 |   75.5 |
  Orcish Mines |   1413 |   1322 |     91 |    138 |      0 |   2 |  706.5 |
         Sewer |    281 |    281 |      0 |      0 |      0 |   1 |  281.0 |
      Ice Cave |    383 |    383 |      0 |      0 |      0 |   1 |  383.0 |
               +--------+--------+--------+--------+--------+-----+--------+

Top non-repeatable levels by time:
  Lair:5: 1146 daAuts
   Orc:2: 927 daAuts
  Lair:4: 899 daAuts
Shoals:4: 893 daAuts
Spider:3: 844 daAuts
Spider:4: 807 daAuts
    D:14: 735 daAuts
Spider:2: 709 daAuts
    D:11: 634 daAuts
    D:13: 595 daAuts
Shoals:3: 562 daAuts
     D:5: 561 daAuts
Shoals:2: 553 daAuts
     D:7: 541 daAuts
     D:4: 540 daAuts
